 Dungeon Crawl Stone Soup version 0.23.0 (webtiles) character file.

Game seed: 15188064828590634076

49 LostNumber the Cutter (level 3, 0/20 HPs)
             Began as a Vine Stalker Berserker on Feb 9, 2019.
             Was a Follower of Trog.
             Shot with a sling bullet by a goblin (2 damage)
             ... on level 2 of the Dungeon.
             The game lasted 00:02:45 (1239 turns).

LostNumber the Cutter (Vine Stalker Berserker)      Turns: 1239, Time: 00:02:45

Health: 0/20       AC:  2    Str: 20    XL:     3   Next: 77%
Magic:  0/4        EV: 12    Int:  7    God:    Trog [*.....]
Gold:   51         SH:  0    Dex: 13    Spells: 2/2 levels left

rFire    . . .     SeeInvis .   a - +0 short sword
rCold    . . .     Gourm    .   (no shield)
rNeg     . . .     Faith    .   b - +0 animal skin
rPois    .         Spirit   +   (no helmet)
rElec    .         Reflect  .   (no cloak)
rCorr    .         Harm     .   (no gloves)
MR       .....                  (no boots)
Stlth    +.........             (no amulet)
HPRegen  0.06/turn              (no ring)
MPRegen  0.09/turn              (no ring)

@: berserk cooldown, slowed, very slow
A: fangs 2, magic shield, antimagic bite, no potion heal 3, rot immunity
a: Berserk, Renounce Religion


You were on level 2 of the Dungeon.
You worshipped Trog.
Trog was aware of your devotion.
You were hungry.

You visited 1 branch of the dungeon, and saw 2 of its levels.

You collected 51 gold pieces.

Inventory:

Hand Weapons
 a - a +0 short sword (weapon)
Armour
 b - a +0 animal skin (worn)
Jewellery
 g - an uncursed ring of see invisible {unknown}
   (You found it on level 1 of the Dungeon)
Potions
 c - a potion of heal wounds {unknown}
 d - 2 potions of agility {unknown}
Comestibles
 e - 4 rations {!d}


   Skills:
 + Level 3.1 Fighting
 * Level 3.3 Short Blades
 + Level 2.0 Armour
 + Level 2.0 Dodging


You had 2 spell levels left.
You didn't know any spells.
Your spell library was empty.

Dungeon Overview and Level Annotations

Branches:
Dungeon (2/15)

Altars:

Annotations:
D:2 Sigmund


Innate Abilities, Weirdness & Mutations

You have extremely sharp teeth.
When hurt, damage is shared between your health and your magic reserves.
Your bite disrupts and absorbs the magic of your enemies.
Potions cannot restore your health.
You are immune to rotting.


Message History

You start resting.
You can no longer call upon Trog for regeneration and magic resistance.
You see here an adder skeleton.
You start resting.
Eating one of 3 chunks of flesh.
You eat one of the 3 chunks of flesh.
Some of the chunks of flesh in your inventory have rotted away.
All of the chunks of flesh in your inventory have rotted away.
There is a stone staircase leading down, spattered with blood here.
You climb downwards.
Level annotation: Sigmund
There is a stone staircase leading up here.
No target in view!
Found 11 gold pieces.
You now have 51 gold pieces (gained 12).
A worm comes into view.
You see here a +0 club.
A worm is nearby!
A worm is nearby!
The goblin shoots a sling bullet.
The sling bullet closely misses you.
You puncture the worm! Your bite misses the worm.
The goblin shoots a sling bullet.
The sling bullet closely misses you. The worm bites you!
You completely miss the worm.
The goblin shoots a sling bullet.
The sling bullet barely misses you.
You barely miss the worm. The worm bites you!
* * * LOW HITPOINT WARNING * * *
Unknown command.
Unknown command.
A red film seems to cover your vision as you go berserk!
You feel yourself moving faster!
You feel mighty!
You are feeling hungry.
The goblin shoots a sling bullet.
The sling bullet hits you.
* * * LOW HITPOINT WARNING * * *
You puncture the worm! You bite the worm.
You kill the worm!
Trog accepts your kill.
The goblin shoots a sling bullet.
The sling bullet barely misses you.
Unknown command.
The goblin shoots a sling bullet.
The sling bullet barely misses you.
Unknown command.
You feel a strong urge to attack something.
Unknown command.
The goblin shoots a sling bullet.
The sling bullet hits you.
* * * LOW HITPOINT WARNING * * *
You see here a sling bullet.
You feel your anger nearly subside.
You are no longer berserk.
You are exhausted.
You feel yourself slow down.
The goblin shoots a sling bullet.
The sling bullet hits you.
You die...

#.............
#..........#
####./†.......# #
......((......#..
...##...........#
..###............
.......(........$
.....$..)).......
..##...@.....g...
. #.(..........#
#.............
##........####
##......##
##.########.#.
... #.#
##........ ...
..........
.........#


You could see a goblin.

Vanquished Creatures
  An adder (D:1)
  2 oozes (D:1)
  A worm (D:2)
  5 leopard geckos
  A giant cockroach (D:1)
  A hobgoblin (D:2)
  3 jackals (D:1)
  4 kobolds (D:1)
  A ball python (D:1)
  A bat (D:1)
  2 frilled lizards (D:1)
  3 rats (D:1)
25 creatures vanquished.

Notes
Turn   | Place    | Note
-------+----------+-------------------------------------------
     0 | D:1      | LostNumber the Vine Stalker Berserker began the quest for
                  | the Orb.
     0 | D:1      | Reached XP level 1. HP: 11/11 MP: 2/2
    21 | D:1      | Reached XP level 2. HP: 8/16 MP: 1/3
   490 | D:1      | Reached XP level 3. HP: 18/19 MP: 2/4
   914 | D:2      | Noticed Sigmund
   964 | D:1      | Reached ** piety under Trog
  1239 | D:2      | Shot with a sling bullet by a goblin

Skill      XL: |  1  2  3 |
---------------+----------+-----
Short Blades   | 3 |  3.3
Fighting       | 3 |  3.1
Armour         | 2 |  2.0
Dodging        | 2 |  2.0

Action                   || total
-------------------------++-------
Melee: Short sword       ||    71
       Bite              ||    16
Invok: Berserk           ||     1
 Stab: Sleeping          ||     2
  Eat: Chunk             ||     1
Armor: Animal skin       ||    13
Dodge: Dodged            ||    54
